 Dungeon Crawl Stone Soup version 0.16.2-2-g470672f (webtiles) character file.

3470 ztt the Cleaver (level 9, -10/118 HPs)
             Began as a Minotaur Fighter on Sept 1, 2015.
             Was an Elder of Okawaru.
             Mangled by an orc warrior
             ... wielding a +0 glaive
              (23 damage)
             ... in a bailey.
             The game lasted 00:10:09 (4864 turns).

ztt the Cleaver (Minotaur Fighter)                  Turns: 4864, Time: 00:10:09

Health: -10/118    AC: 12    Str: 30    XL:     9   Next: 79%
Magic:  3/4        EV: 14    Int:  5    God:    Okawaru [****..]
Gold:   510        SH: 14    Dex:  9    Spells: 0 memorised, 8 levels left

rFire  . . .     SeeInvis .     a - +1 war axe
rCold  + . .     Clarity  .     b - +0 scale mail
rNeg   . . .     SustAb   .     c - +0 shield
rPois  .         Gourm    +     (helmet restricted)
rElec  .         Spirit   .     y - +1 cloak
rCorr  .         Warding  .     (no gloves)
rMut   .         Stasis   .     (no boots)
MR     .....                    i - amulet of the gourmand
Stlth  ..........               A - ring of protection from cold
                                n - ring of wizardry

@: berserking, heroism, very quick, not resistant to hostile enchantments,
extremely unstealthy
A: retaliatory headbutt, horns 2
a: Heroism, Renounce Religion


You were in a bailey.
You worshipped Okawaru.
Okawaru was greatly pleased with you.
You were hungry.

You visited 2 branches of the dungeon, and saw 8 of its levels.
You also visited: Bailey.

You collected 510 gold pieces.

Inventory:

Hand weapons
 a - a +1 war axe (weapon)
Armour
 b - a +0 scale mail (worn)
 c - a +0 shield (worn)
 y - a +1 cloak (worn)
Jewellery
 i - an amulet of the gourmand (around neck)
 n - a ring of wizardry (left hand)
 A - a ring of protection from cold (right hand)
Magical devices
 C - a wand of paralysis (5)
Scrolls
 k - 5 scrolls of remove curse
 m - a scroll of blinking {unknown}
 p - 5 scrolls of enchant weapon
 s - 6 scrolls of teleportation
 z - a scroll of fear
Potions
 e - 5 potions of might
 g - 3 potions of invisibility
 h - 5 potions of curing
 j - 2 potions of agility
 l - a potion of resistance
 o - a potion of heal wounds {unknown}
 q - 2 potions of flight
 t - a potion of poison
 u - a potion of experience {unknown}
 v - a potion of ambrosia
Books
 r - a book of Cantrips

   Spells                             Type                      Level
   a - Corona                         Hexes                        1
   b - Animate Skeleton               Necromancy                   1
   c - Summon Small Mammal            Summoning                    1
   d - Apportation                    Translocation                1
Comestibles
 d - 3 bread rations
 f - a royal jelly


   Skills:
 + Level 7.5(12.5) Fighting
 + Level 9.3(14.3) Axes
 + Level 7.7(12.7) Armour
 + Level 6.0(11.0) Dodging
 + Level 1.4(6.4) Stealth
 + Level 8.5(13.5) Shields
 + Level 0.6 Invocations


You had 8 spell levels left.
You didn't know any spells.

Dungeon Overview and Level Annotations

Branches:
Dungeon (7/15)             Temple (1/1) D:5

Altars:
Ashenzari
Cheibriados
Dithmenos
Elyvilon
Fedhas
Gozag
Makhleb
Nemelex Xobeh
Okawaru
Ru
Sif Muna
Trog
Vehumet
Xom
Yredelemnul
Zin
The Shining One


Innate Abilities, Weirdness & Mutations

You reflexively headbutt those who attack you in melee.
You have a pair of horns on your head.


Message History

You block the orc's attack. You block the orc warrior's attack.
The orc hits you but does no damage. You block the orc's attack.
There is an open door, spattered with blood here.
Items here: ))) [ ÷ † You hit the orc warrior.
Your headbutt misses the orc warrior.
The orc warrior is lightly wounded.
You slash the orc warrior!
The orc warrior is heavily wounded.
You slash the orc!
You kill the orc!
Okawaru accepts your kill. You block the orc's attack.
You block the orc warrior's attack. The orc hits you but does no damage.
You slash the orc warrior!
The orc warrior is severely wounded.
You hit the orc warrior but do no damage.
The orc warrior is heavily wounded.
The orc hits you but does no damage.
The orc warrior hits you with a glaive!!
You die...

####### ############
#####.....## ##........∩.##
...#.......######............#
...'.......#.oo)#)......))...#
...'.......'.ooo@))....)))..∩#
...'.......#..oo#.)....))))..#
...#.......######.......)....#
#####.....## ##........∩.##
####### ############


You could see 2 orc warriors and 5 orcs.

Vanquished Creatures
  An orc knight (Bailey)
  Prince Ribbit (D:7)
  A sky beast (D:5)
  A water moccasin (D:6)
  A phantom (D:5)
  A black bear (D:6)
  2 ice beasts (D:6)
  4 ogres
  4 orc warriors (Bailey)
  A centaur (D:6)
  Blork the orc (D:4)
  A giant frog (D:6)
  A scorpion (D:4)
  8 wights (D:6)
  A centaur zombie (D:6)
  A crimson imp (D:6)
  2 jellies (D:6)
  2 hounds
  4 orc priests
  A giant frog skeleton (D:4)
  3 orc wizards
  Natasha (thrice) (D:6)
  A centaur skeleton (D:4)
  3 worker ants
  Ijyb (D:3)
  11 adders
  A worker ant zombie (D:5)
  5 gnolls (D:6)
  A giant mite (D:5)
  A worm (D:2)
  6 giant geckos
  2 oozes
  52 orcs
  A ball python (D:1)
  2 bat zombies (D:5)
  8 giant cockroaches
  7 hobgoblins
  10 jackals
  3 quokkas
  12 bats
  2 giant newts (D:2)
  18 goblins
  A jackal zombie (D:5)
  8 kobolds
  8 rats
209 creatures vanquished.

Notes
Turn   | Place    | Note
--------------------------------------------------------------
     0 | D:1      | ztt, the Minotaur Fighter, began the quest for the Orb.
     0 | D:1      | Reached XP level 1. HP: 19/19 MP: 1/1
    54 | D:1      | Reached XP level 2. HP: 17/27 MP: 1/1
   295 | D:1      | Reached skill level 4 in Fighting
   601 | D:2      | Reached XP level 3. HP: 33/33 MP: 2/2
   817 | D:2      | Reached XP level 4. HP: 30/40 MP: 2/2
   848 | D:2      | Reached skill level 1 in Dodging
  1197 | D:3      | Noticed Ijyb
  1213 | D:3      | Killed Ijyb
  1213 | D:3      | Reached XP level 5. HP: 34/46 MP: 2/2
  1498 | D:3      | Reached skill level 5 in Shields
  1672 | D:3      | Reached XP level 6. HP: 39/53 MP: 3/3
  1828 | D:4      | Reached skill level 5 in Armour
  1895 | D:4      | Noticed Blork the orc
  1897 | D:4      | Found a shadowy altar of Dithmenos.
  1911 | D:4      | Killed Blork the orc
  1955 | D:4      | Reached skill level 5 in Axes
  2083 | D:4      | Found a blossoming altar of Fedhas.
  2205 | D:4      | Reached skill level 5 in Fighting
  2247 | D:5      | Entered Level 5 of the Dungeon
  2270 | D:5      | Found a staircase to the Ecumenical Temple.
  2321 | D:5      | Reached skill level 1 in Stealth
  2321 | D:5      | Reached XP level 7. HP: 61/61 MP: 3/3
  2354 | Temple   | Entered the Ecumenical Temple
  2438 | Temple   | Became a worshipper of Warmaster Okawaru
  2584 | D:5      | Acquired Okawaru's first power
  2584 | D:5      | Reached skill level 6 in Axes
  2771 | D:5      | Found a burning altar of Makhleb.
  2774 | D:5      | Found a glowing silver altar of Zin.
  2774 | D:5      | Noticed an angel
  2775 | D:5      | Noticed a green death
  2966 | D:6      | Reached XP level 8. HP: 49/69 MP: 3/3
  2992 | D:6      | Found a shimmering altar of Xom.
  3024 | D:6      | Noticed Natasha
  3027 | D:6      | Killed Natasha
  3090 | D:6      | Reached skill level 7 in Axes
  3190 | D:6      | Found a deep blue altar of Sif Muna.
  3201 | D:6      | Noticed Natasha
  3204 | D:6      | Killed Natasha
  3295 | D:6      | Found a white marble altar of Elyvilon.
  3344 | D:6      | Found a shimmering altar of Xom.
  3601 | D:6      | Reached skill level 5 in Dodging
  3604 | D:6      | Reached XP level 9. HP: 56/78 MP: 4/4
  3661 | D:6      | Reached skill level 8 in Axes
  3701 | D:6      | Noticed Natasha
  3706 | D:6      | Killed Natasha
  4052 | D:7      | Noticed Prince Ribbit
  4069 | D:7      | Found a sparkling altar of Nemelex Xobeh.
  4080 | D:7      | Killed Prince Ribbit
  4122 | D:7      | Found a flagged portal.
  4143 | Bailey   | Entered a bailey
  4477 | Bailey   | Reached skill level 9 in Axes
  4494 | Bailey   | HP: 3/79 [orc warrior/halberd (18)]
  4817 | Bailey   | Noticed an orc knight
  4861 | Bailey   | Killed an orc knight
  4864 | Bailey   | Mangled by an orc warrior

Action                   |  1- 3 |  4- 6 |  7- 9 || total
-------------------------+-------+-------+-------++-------
Melee: War axe           |    76 |   147 |   322 ||   545
Invok: Heroism           |       |       |     2 ||     2
  Use: Scroll            |       |    11 |     9 ||    20
       Potion            |       |       |     4 ||     4
  Eat: Chunk             |       |    11 |     1 ||    12
       Beef jerky        |       |       |     1 ||     1
